 Seeded DCSS version 0.28-a0-1629-gf728b707aa (webtiles) character file.

Game seed: 15814994978132999474 (custom seed)

32781 wilfster70 the Cruncher (level 14, -2/110 HPs)
             Began as a Formicid Fighter on Jan 24, 2022.
             Was a High Priest of Kikubaaqudgha.
             Slain by a boulder beetle (7 damage)
             ... on level 4 of the Lair of Beasts on Jan 25, 2022.
             The game lasted 00:40:07 (17143 turns).

wilfster70 the Cruncher (Formicid Fighter)         Turns: 17143, Time: 00:40:08

Health: -2/110     AC: 16    Str: 25    XL:     14   Next: 4%
Magic:  19/27      EV: 10    Int: 13    God:    Kikubaaqudgha [*****.]
Gold:   1461       SH: 10    Dex: 10    Spells: 26/31 levels left

rFire   + . .      SeeInvis +   a - +2 quarterstaff (vorpal)
rCold   . . .      Faith    .   c - +0 kite shield "Naneric" {Slay+3}
rNeg    + . .      Spirit   .   h - +7 leather armour of Distant Shores {rN+}
rPois   +          Reflect  .   (helmet unavailable)
rElec   .          Harm     .   C - +2 cloak {rPois}
rCorr   +          Rampage  .   E - +2 pair of gloves of the Well-Known Places {Will+}
Will    ++...                   (no boots)
Stlth   +.........              F - amulet of regeneration
HPRegen 1.08/turn               v - ring of wizardry
MPRegen 0.20/turn               s - ring of the Camelopard {rF+ rCorr Str+4}

@: lethally poisoned (-2 -> -12)
A: permanent stasis, dig shafts and tunnels, antennae 3, four strong arms,
subdued magic 1
a: Dig, Shaft Self, Renounce Religion, Receive Corpses, Torment


You were on level 4 of the Lair of Beasts.
You worshipped Kikubaaqudgha.
Kikubaaqudgha was extremely pleased with you.
You visited 2 branches of the dungeon, and saw 15 of its levels.
You also visited: Bailey and Gauntlet.

You collected 1683 gold pieces.
You spent 222 gold pieces at shops.

Inventory:

Hand Weapons
 a - a +2 vorpal quarterstaff (weapon)
Missiles
 A - 18 boomerangs
 B - 8 datura-tipped darts
 D - 20 poisoned darts
Armour
 c - the +0 kite shield "Naneric" (worn) {Slay+3}
   (You found it on level 2 of the Dungeon)

   Slay:      It affects your accuracy & damage with ranged weapons and melee
   (+3).
 h - the +7 leather armour of Distant Shores (worn) {rN+}
   (You found it on level 3 of the Dungeon)

   rN:        It protects you from negative energy.
 C - a +2 cloak of poison resistance (worn)
 E - the +2 pair of gloves of the Well-Known Places (worn) {Will+}
   (You found it on level 11 of the Dungeon)

   Will:      It increases your willpower.
Jewellery
 k - a ring of positive energy
 l - a ring of ice
 s - the ring of the Camelopard (right hand) {rF+ rCorr Str+4}
   (You found it on level 6 of the Dungeon)

   [ring of protection from fire]

   Str:       It affects your strength (+4).
   rF:        It protects you from fire.
   rCorr:     It protects you from acid and corrosion.
 v - a ring of wizardry (left hand)
 F - an amulet of regeneration (around neck)
 G - a +6 ring of intelligence
 K - a ring of ice
 L - a ring of ice
Wands
 o - a wand of iceblast (6)
 u - a wand of acid (6)
 x - a wand of polymorph (10)
 H - a wand of flame (8)
Scrolls
 i - 5 scrolls of amnesia
 p - 3 scrolls of fear
 q - a scroll of fog
 r - a scroll of identify
 w - 2 scrolls of enchant weapon
 y - a scroll of summoning
 I - a scroll of enchant armour
Potions
 b - 3 potions of attraction
 d - 4 potions of might
 e - a potion of cancellation
 f - 3 potions of magic
 g - 3 potions of brilliance
 j - 13 potions of curing
 m - 5 potions of mutation
 n - 4 potions of heal wounds
 t - 3 potions of flight
 J - a potion of ambrosia


   Skills:
 - Level 10.3 Fighting
 - Level 14.0 Staves
 - Level 3.2 Armour
 - Level 9.0 Shields
 + Level 9.2 Spellcasting
 * Level 9.9 Necromancy
 - Level 11.0 Earth Magic


You had 26 spell levels left.
You knew the following spells:

 Your Spells              Type           Power      Damage    Failure   Level
a - Borgnjor's Vile Clut  Necr/Erth      12%        N/A       3%          5

Your spell library contained the following spells:

 Spells                   Type           Power      Damage    Failure   Level
 Animate Skeleton         Necr           48%        N/A       1%          1
 Sandblast                Erth           52%        2d12      1%          1
 Passwall                 Tmut/Erth      12%        N/A       1%          2
 Sublimation of Blood     Necr           24%        N/A       1%          2
 Vampiric Draining        Necr           24%        2d7       1%          3
 Animate Dead             Necr           12%        N/A       1%          4
 Dispel Undead            Necr           24%        3d12      1%          4
 Stone Arrow              Conj/Erth      30%        3d8       2%          3
 Agony                    Necr           24%        N/A       4%          5
 Beastly Appendage        Tmut           8%         N/A       9%          1
 Magic Dart               Conj           16%        1d3       9%          1
 Animate Armour           Summ/Erth      30%        N/A       10%         4
 Anguish                  Hex/Necr       7%         N/A       12%         4
 Ensorcelled Hibernation  Hex/Ice        8%         N/A       14%         2
 Searing Ray              Conj           8%         2d4       14%         2
 Static Discharge         Conj/Air       4%         N/A       14%         2
 Wereblood                Tmut           4%         N/A       14%         2
 Death Channel            Necr           12%        N/A       24%         6
 Gell's Gravitas          Tloc           4%         N/A       28%         3
 Lesser Beckoning         Tloc           4%         N/A       28%         3
 Spider Form              Tmut/Pois      4%         N/A       28%         3
 Teleport Other           Tloc           4%         N/A       28%         3
 Airstrike                Air            2%         N/A       65%         4
 Fulminant Prism          Conj/Hex       2%         3d6       65%         4
 Olgreb's Toxic Radiance  Pois           4%         N/A       65%         4
 Sticky Flame             Conj/Fire      4%         2d3       65%         4
 Summon Lightning Spire   Summ/Air       4%         N/A       65%         4
 Iron Shot                Conj/Erth      7%         9d2       82%         6
 Blade Hands              Tmut           2%         N/A       93%         5
 Lightning Bolt           Conj/Air       2%         1d13      93%         5
 Ozocubu's Refrigeration  Ice            2%         4d5       100%        7
 Borgnjor's Revivificati  Necr           12%        N/A       100%        8
 Ignition                 Fire           2%         3d3       100%        8
 Necromutation            Tmut/Necr      7%         N/A       100%        8
 Death's Door             Necr           12%        N/A       100%        9
 Blink                    Tloc           Unusable   N/A       N/A         2
 Swiftness                Air            Unusable   N/A       N/A         3

Dungeon Overview and Level Annotations

Branches:
Dungeon (11/15)            Temple (0/1) D:7            Lair (4/6) D:10
  Snake (0/4) Lair:2          Orc (0/2) D:9          Bailey (visited)
Gauntlet (visited)
  Swamp: Lair:2-4    Shoals: Lair:2-4

Altars:
Cheibriados
Hepliaklqana
Kikubaaqudgha
Uskayaw
Wu Jian
The Shining One
Beogh

Shops:
D:2 [   D:6 *=   D:10 (   D:11 [

Annotations:
Lair:4 Nessos


Innate Abilities, Weirdness & Mutations

You cannot be hasted, slowed, berserked, paralysed or teleported.
You can dig through walls and to a lower floor.
You have a pair of large antennae on your head. (SInv)
Your four strong arms can wield two-handed weapons with a shield.
Your spells are a little easier to cast, but a little less powerful.


Message History

The boulder beetle curls into a ball and begins rolling!
Nessos shoots an arrow.
The arrow hits you!
* * * LOW HITPOINT WARNING * * *
The arrow burns you.
* * * LOW HITPOINT WARNING * * *
Nessos casts a spell.
Nessos blinks!
Aiming: Corrosive Bolt
Press: ? - help, Shift-Dir - straight line, f/p - Nessos
Aim: Nessos, wielding a +2 longbow of flaming, wearing a +0 barding and quivering arrows (moderately wounded, fast, 83% to hit)
The bolt of acid hits Nessos!
The acid corrodes Nessos!
Nessos is moderately wounded.
Nessos shoots an arrow.
The arrow closely misses you.
Nessos shoots an arrow.
The arrow hits you.
* * * LOW HITPOINT WARNING * * *
The arrow burns you.
* * * LOW HITPOINT WARNING * * *
You block the boulder beetle's attack.
The boulder beetle stops rolling and uncurls.
You feel much better.
Nessos shoots an arrow.
The arrow hits you! The arrow burns you.
You are poisoned.
You block the boulder beetle's attack.
Aiming: Paralyse
Press: ? - help, Shift-Dir - straight line, f/p - Nessos
Aim: Nessos, wielding a +2 longbow of flaming, wearing a +0 barding and quivering arrows (moderately wounded, fast, covered in acid, chance to affect: 49%) Nessos resists with some effort.
The now-empty wand crumbles to dust.
You feel very sick.
Nessos shoots an arrow.
You block the arrow.
Nessos shoots an arrow.
The arrow hits you! The arrow burns you.
You are more poisoned.
The boulder beetle completely misses you.
You feel very sick.
Nessos shoots an arrow.
The arrow hits you!!
* * * LOW HITPOINT WARNING * * *
The arrow burns you.
* * * LOW HITPOINT WARNING * * *
Nessos shoots an arrow.
You block the arrow. The boulder beetle bites you!
You die...
Kikubaaqudgha rasps: "You have failed me!
Welcome... death!"

....# ....###
....P## .....#
....#######
#......#P..
#........>. { ♣.♣
#....c..(.. ♣.♣
#.@........
♣♣.♣♣#B...#.#.##
♣...♣#....# #
+########♣...♣#..###
..#.....#♣...♣#..###
..♣†♣♣♣.♣♣†..♣#....#
8>'.♣ ♣..........P##
..♣.♣ ♣.♣♣...♣#...#
.÷#.....#♣...♣#..#.#


You could see a boulder beetle (very poisoned) and Nessos (fast, corroded).

Vanquished Creatures
  Fannar (Lair:3)
  A boulder beetle (Lair:1)
  4 hydras
  A centaur warrior (D:10)
  A death yak (Lair:3)
  3 two-headed ogres
  Pikel (D:8)
  An elephant (Lair:4)
  A gargoyle (D:10)
  3 torpor snails (Lair:2)
  4 black mambas
  An efreet (D:9)
  6 cane toads
  Psyche (D:11)
  A rime drake (Lair:4)
  4 komodo dragons
  3 trolls
  20 blink frogs
  A slime creature (D:10)
  A shadow (D:10)
  A wyvern (Lair:3)
  A vampire (D:9)
  19 yaks
  A wraith (D:9)
  3 steam dragons
  6 vampire mosquitoes
  Edmund (D:6)
  2 nagas (Lair:2)
  9 water moccasins
  2 ice beasts
  13 orc warriors
  A sky beast (D:8)
  3 black bears
  A necrophage (D:5)
  2 ogres
  6 centaurs
  3 wolves (Lair:3)
  2 lemures (D:8)
  7 kobold brigands
  Blork the orc (D:6)
  19 bullfrogs
  A gnoll sergeant (D:10)
  2 scorpions
  12 killer bees
  7 howler monkeys
  8 wights
  An electric eel (Lair:1)
  7 centaur zombies
  2 jellies
  9 orc priests
  A centaur skeleton (D:5)
  A hound (D:5)
  Jessica (D:3)
  4 iguanas
  10 orc wizards
  8 adders
  4 gnolls
  2 shadow imps
  2 white imps
  An ufetubus (D:5)
  An adder zombie (D:5)
  An adder skeleton (D:5)
  A worm (D:2)
  3 dart slugs
  42 orcs
  4 bats
  4 endoplasms
  4 giant cockroaches
  13 goblins
  9 hobgoblins
  6 jackals (D:1)
  5 quokkas
  5 ball pythons
  4 frilled lizards
  22 kobolds
  5 rats
  A spectral goblin (D:11)
375 creatures vanquished.

Vanquished Creatures (others)
  9 fungi
  15 plants
24 creatures vanquished.

Grand Total: 399 creatures vanquished

Notes
Turn   | Place    | Note
-------+----------+-------------------------------------------
     0 | D:1      | wilfster70 the Formicid Fighter began the quest for the
                  | Orb.
     0 | D:1      | Reached XP level 1. HP: 18/18 MP: 1/1
   142 | D:1      | Found a faded altar of an unknown god.
   149 | D:1      | Prayed at the altar of an unknown god.
   149 | D:1      | Became a worshipper of Kikubaaqudgha
   149 | D:1      | Reached * piety under Kikubaaqudgha
   149 | D:1      | Received a gift from Kikubaaqudgha
   187 | D:1      | Reached XP level 2. HP: 24/24 MP: 2/2
   321 | D:1      | Reached XP level 3. HP: 27/29 MP: 3/3
   322 | D:1      | Reached skill level 3 in Staves
  1248 | D:2      | Found Seluut's Armour Shop.
  1265 | D:2      | Reached XP level 4. HP: 35/35 MP: 4/4
  1334 | D:2      | Identified the +0 kite shield "Naneric" {Slay+3}
  1412 | D:2      | Reached ** piety under Kikubaaqudgha
  1915 | D:3      | Reached skill level 4 in Staves
  1967 | D:3      | Reached XP level 5. HP: 41/41 MP: 5/5
  1972 | D:3      | Noticed Jessica
  2086 | D:3      | Killed Jessica
  2104 | D:3      | Got Jessica's Papyrus of Dislocation
  2215 | D:3      | Identified the +7 leather armour of Distant Shores {rN+}
  2419 | D:3      | Reached skill level 5 in Shields
  2618 | D:3      | Reached XP level 6. HP: 28/47 MP: 6/6
  3139 | D:4      | Reached skill level 5 in Staves
  3140 | D:4      | Noticed a black bear
  3140 | D:4      | Noticed an orc warrior
  3156 | D:4      | Killed a black bear
  3164 | D:4      | Killed an orc warrior
  3165 | D:4      | Reached XP level 7. HP: 31/52 MP: 7/7
  3167 | D:4      | Reached skill level 6 in Staves
  3898 | D:4      | Gained mutation: Your spells are a little easier to cast,
                  | but a little less powerful. [potion of mutation]
  3920 | D:4      | You fall into a shaft and drop 2 floors!
  3920 | D:6      | Found Limiss's Sacrilege Store.
  3950 | D:5      | Entered Level 5 of the Dungeon
  4058 | D:5      | Reached skill level 12 in Staves
  4058 | D:5      | Reached XP level 8. HP: 68/69 MP: 8/8
  4059 | D:5      | Reached skill level 10 in Fighting
  4059 | D:5      | Reached skill level 13 in Staves
  4059 | D:5      | Reached XP level 9. HP: 77/78 MP: 9/9
  4528 | D:5      | Reached *** piety under Kikubaaqudgha
  4528 | D:5      | Received a gift from Kikubaaqudgha
  4537 | D:5      | Reached XP level 10. HP: 71/85 MP: 10/10
  5137 | D:6      | Noticed Blork the orc
  5152 | D:6      | Killed Blork the orc
  5157 | D:6      | Reached skill level 14 in Staves
  5170 | D:6      | Identified the ring of the Camelopard {rF+ rCorr Str+4}
  5238 | D:6      | Noticed Edmund
  5249 | D:6      | Killed Edmund
  5409 | D:6      | Found Lanasm's Jewellery Shop.
  5637 | D:7      | Found a staircase to the Ecumenical Temple.
  5797 | D:7      | Learned a level 5 spell: Borgnjor's Vile Clutch
  6001 | D:7      | Found a glowing golden altar of the Shining One.
  6300 | D:7      | Reached skill level 1 in Earth Magic
  6412 | D:7      | Reached skill level 1 in Spellcasting
  6412 | D:7      | Reached skill level 1 in Necromancy
  6417 | D:7      | Reached **** piety under Kikubaaqudgha
  6825 | D:8      | Noticed a two-headed ogre
  6834 | D:8      | Killed a two-headed ogre
  7044 | D:8      | Noticed Pikel
  7068 | D:8      | Killed Pikel
  7069 | D:8      | Reached XP level 11. HP: 83/91 MP: 14/14
  7845 | D:9      | Found a flagged portal.
  7865 | Bailey   | Entered a bailey
  8028 | Bailey   | Found an iron altar of Okawaru.
  8661 | D:2      | Bought a +2 cloak of poison resistance for 222 gold pieces
  8898 | D:9      | Found a staircase to the Orcish Mines.
  9254 | D:9      | Reached skill level 5 in Earth Magic
  9294 | D:9      | Reached ***** piety under Kikubaaqudgha
  9682 | D:10     | Entered Level 10 of the Dungeon
 10150 | D:10     | Noticed a two-headed ogre
 10154 | D:10     | Noticed a two-headed ogre
 10172 | D:10     | Reached skill level 5 in Spellcasting
 10175 | D:10     | Reached skill level 5 in Necromancy
 10178 | D:10     | HP: 4/91 [two-headed ogre (7)]
 10185 | D:10     | Killed a two-headed ogre
 10192 | D:10     | Reached XP level 12. HP: 21/97 MP: 19/19
 10396 | D:10     | Killed a two-headed ogre
 10691 | D:10     | Noticed a centaur warrior
 10705 | D:10     | Killed a centaur warrior
 11062 | D:10     | Found Piwut's Weapon Shop.
 11073 | D:10     | Found a staircase to the Lair.
 11434 | D:11     | Identified the +2 pair of gloves of the Well-Known Places
                  | {Will+}
 11870 | D:11     | Noticed a seven-headed hydra
 11877 | D:11     | Killed a seven-headed hydra
 11971 | D:11     | Noticed Psyche
 11976 | D:11     | Killed Psyche
 12092 | D:11     | Noticed a seven-headed hydra
 12105 | D:11     | Killed a seven-headed hydra
 12384 | D:11     | Found Toupp's Antique Armour Shop.
 12405 | D:11     | Found a hazy altar of Hepliaklqana.
 12469 | Lair:1   | Entered Level 1 of the Lair of Beasts
 12904 | Lair:1   | Identified the +9 flail "Jied" {vorpal, rPois rF- Int+2}
 12967 | Lair:1   | Reached XP level 13. HP: 78/98 MP: 24/24
 13573 | Lair:1   | Found a hide-covered altar of Uskayaw.
 13574 | Lair:1   | Noticed a boulder beetle
 13576 | Lair:1   | Found an ornate altar of the Wu Jian Council.
 13597 | Lair:1   | Killed a boulder beetle
 14557 | Lair:2   | Found a staircase to the Snake Pit.
 14839 | Lair:2   | Identified the +0 ring mail of Tater {Str+5}
 14888 | Lair:2   | Found a snail-covered altar of Cheibriados.
 15338 | Lair:2   | You fall into a shaft and drop 1 floor!
 15356 | Lair:3   | Reached skill level 10 in Earth Magic
 15404 | Lair:3   | Noticed an eight-headed hydra
 15406 | Lair:3   | Noticed an eight-headed hydra
 15423 | Lair:3   | Killed an eight-headed hydra
 15430 | Lair:3   | Killed an eight-headed hydra
 15596 | Lair:3   | Found a gate leading to a gauntlet.
 15607 | Gauntlet | Entered a Gauntlet
 15607 | Gauntlet | Found a transporter.
 15607 | Gauntlet | Found a transporter.
 15614 | Gauntlet | Found a transporter.
 15614 | Gauntlet | Found a transporter.
 15616 | Gauntlet | Found a transporter.
 15659 | Gauntlet | Found a transporter.
 15660 | Gauntlet | Found a transporter.
 15660 | Gauntlet | Found a transporter.
 15712 | Gauntlet | Found a transporter.
 15767 | Lair:3   | Noticed Fannar
 15809 | Lair:3   | Killed Fannar
 16880 | Lair:4   | Reached XP level 14. HP: 101/110 MP: 17/27
 17124 | Lair:4   | Noticed Nessos
 17143 | Lair:4   | HP: 5/110 [Nessos/arrow (4)]
 17143 | Lair:4   | Slain by a boulder beetle

Illustrated notes

Levels and vault maps discovered:
D:1:      lightli_arrival_statue_moat, layout_basic,
          dilly_ecumenical_altar_fadedgnrine
D:2:      layout_basic, serial_shops, nicolae_shop_behind_doors, hex_tiny
D:3:      layout_basic, kennysheep_jessica_study
D:4:      layout_layer_cave
D:5:      layout_rooms, minmay_fountain_box, minmay_pentangle
D:6:      layout_rooms, serial_shops, shop, nicolae_evil_shop, uniq_edmund,
          uniq_blork_the_orc
D:7:      layout_loops_cross, nicolae_overflow_crystal_walls,
          minmay_temple_entry_waves
D:8:      layout_rooms, chequers_arboretum, grunt_ministairs_8, uniq_pikel
D:9:      layout_roguey, minmay_orc_entry_temple_small, enter_bailey_5
D:10:     wad_guarded_room, layout_rooms, serial_shops, nicolae_shop_stone
D:11:     layout_roguey, serial_shops, nicolae_shop_overgrown_old_shop,
          nicolae_hepliaklqana_monster_ancestors, uniq_psyche
Lair:1:   layout_regular_city, cheibrodos_lair_caveside_slide,
          nzn_masters_of_martial_movement, grunt_megastairs_1,
          serial_bayou_shore_a, infiniplex_staircase_pool
Lair:2:   layout_small_grid, guppyfry_snake_entry_garden,
          kennysheep_snail_temple
Lair:3:   layout_loops_ring, gauntlet_entry_generic, serial_bayou_pond_d,
          grunt_megastairs_5, uniq_fannar
Lair:4:   nzn_winding_woodlands_stair_cross [nzn_winding_woodlands_5x15_parted,
          nzn_winding_woodlands_center_lodge, nzn_winding_woodlands_5x15_twine,
          nzn_winding_woodlands_hourglass, nzn_winding_woodlands_5x5_perimeter,
          nzn_winding_woodlands_5x15_pool, nzn_winding_woodlands_center_garden,
          nzn_winding_woodlands_5x15_default], layout_hall_layers,
          minmay_swamp_entry_reptiles, chequers_serial_rivers_room_b,
          fungi_pond_lemuel, uniq_nessos, uniq_urug

Skill      XL: |  1  2  3  4  5  6  7  8  9 10 11 12 13 |
---------------+----------------------------------------+-----
Shields        | 4 5 6 8 9 |  9.0
Staves         | 3 4 5 12 13 14 | 14.0
Fighting       | 8 10 | 10.3
Earth Magic    | 3 6 9 11 | 11.0
Spellcasting   | 2 5 7 9 |  9.2
Necromancy     | 2 5 7 9 |  9.9
Armour         | |  3.2

Action                   |  1- 3 |  4- 6 |  7- 9 | 10-12 | 13-15 || total
-------------------------+-------+-------+-------+-------+-------++-------
Melee: Quarterstaff      |   105 |   130 |   100 |   672 |   336 ||  1343
       Unarmed           |       |       |       |     1 |       ||     1
 Cast: Borgnjor's Vile C |       |       |       |       |    32 ||    32
 Abil: Dig               |       |       |       |     3 |     1 ||     4
Evoke: Wand              |       |       |       |     1 |     2 ||     3
  Use: Scroll            |       |     6 |     5 |    11 |     1 ||    23
       Potion            |       |     1 |     3 |     4 |     1 ||     9
Armor: Scale mail        |    53 |    24 |       |       |       ||    77
       Leather armour    |       |    25 |    33 |   223 |   119 ||   400
       Skin              |       |       |       |     3 |       ||     3
Dodge: Dodged            |    52 |    49 |    26 |   234 |    91 ||   452
Block: Buckler           |    19 |     3 |       |       |       ||    22
       Kite shield       |       |    37 |    39 |   338 |   152 ||   566

Table legend: (Time is in decaauts)
 A = Elapsed time spent in this place.
 B = Non-inter-level travel time spent in this place.
 C = Inter-level travel time spent in this place.
 D = Time resting spent in this place.
 E = Time spent auto-exploring this place.
 F = Levels seen in this place.
 G = Mean time per level.
                   A        B        C        D        E       F      G
               +--------+--------+--------+--------+--------+-----+--------+
         Total |  16922 |  16313 |    609 |   5153 |   5378 |  17 |  995.4 |
       Dungeon |  11968 |  11421 |    547 |   3151 |   4290 |  11 | 1088.0 |
          Lair |   4406 |   4344 |     62 |   1712 |   1088 |   4 | 1101.5 |
        Bailey |    439 |    439 |      0 |    290 |      0 |   1 |  439.0 |
      Gauntlet |    107 |    107 |      0 |      0 |      0 |   1 |  107.0 |
               +--------+--------+--------+--------+--------+-----+--------+

Top non-repeatable levels by time:
  Lair:1: 1698 daAuts
     D:9: 1635 daAuts
  Lair:3: 1425 daAuts
    D:10: 1363 daAuts
     D:1: 1223 daAuts
     D:3: 1210 daAuts
     D:8: 1151 daAuts
  Lair:2: 1126 daAuts
    D:11: 1013 daAuts
     D:4: 971 daAuts
     D:7: 920 daAuts
     D:5: 870 daAuts
     D:6: 849 daAuts
     D:2: 759 daAuts
  Bailey: 439 daAuts
